[Event "XXX Roquetas de Mar Open 2019"]
[Site "Roquetas de Mar"]
[Date "2019.01.04"]
[Round "5"]
[White "Svetushkin, Dmitry"]
[Black "Gavilan Diaz, Mario"]
[Result "1-0"]
[ECO "C43"]
[WhiteElo "2605"]
[BlackElo "2357"]
[Annotator "ChessBase"]
[PlyCount "63"]
[EventDate "2019.01.02"]
[EventType "swiss"]
[EventCountry "ESP"]
[SourceTitle "playchess.com"]
[Source "ChessBase"]
[SourceQuality "1"]
[TimeControl "5400+30"]

1. e4 e5 2. Nf3 Nf6 3. d4 Nxe4 4. Bd3 d5 5. dxe5 Nc5 6. Nc3 c6 7. O-O Be7 8. Re1 O-O 9. Nd4 Nxd3 10. Qxd3 c5 11. Nf5 d4 12. Nxe7+ Qxe7 13. Nd5 Qd8 14. c4 dxc3 15. bxc3 Be6 16. c4 Nc6 17. Qg3 Bxd5 18. Bh6 g6 19. Bxf8 Kxf8 20. cxd5 Qxd5 21. e6 fxe6 22. Qc7 Kg8 23. Qxb7 Nd4 24. Rab1 Rf8 25. Qxd5 exd5 26. Re5 c4 27. Kf1 Nf5 28. g4 Nd6 29. Rxd5 Ne4 30. Rb2 c3 31. Rc2 Rb8 32. Kg2 1-0

[Event "XXX Roquetas de Mar Open 2019"]
[Site "Roquetas de Mar"]
[Date "2019.01.04"]
[Round "5"]
[White "Xu, Yi"]
[Black "Dardha, Daniel"]
[Result "1/2-1/2"]
[ECO "B30"]
[WhiteElo "2528"]
[BlackElo "2337"]
[Annotator "ChessBase"]
[PlyCount "66"]
[EventDate "2019.01.02"]
[EventType "swiss"]
[EventCountry "ESP"]
[SourceTitle "playchess.com"]
[Source "ChessBase"]
[SourceQuality "1"]
[TimeControl "5400+30"]

1. e4 c5 2. Nf3 Nc6 3. Bb5 d6 4. O-O Bd7 5. Re1 Nf6 6. c3 a6 7. Bc4 Bg4 8. d4 cxd4 9. cxd4 e5 10. dxe5 dxe5 11. Bd5 Qc7 12. Bxc6+ bxc6 13. h3 Bh5 14. Bg5 Nd7 15. Nbd2 Bb4 16. a3 Bxd2 17. Bxd2 O-O 18. Re3 Rfd8 19. Qe1 a5 20. Rc1 Qb6 21. Bc3 f6 22. Nd2 Qb5 23. Qf1 Nc5 24. Qc4+ Qxc4 25. Nxc4 Nb3 26. Rb1 Bf7 27. Nb6 Rab8 28. Na4 c5 29. Be1 c4 30. Kf1 Be8 31. Nc3 Bc6 32. f3 Kf7 33. Re2 Ke6 1/2-1/2

[Event "XXX Roquetas de Mar Open 2019"]
[Site "Roquetas de Mar"]
[Date "2019.01.04"]
[Round "5"]
[White "Sosa, Tomas"]
[Black "Grigoryan, Karen H."]
[Result "0-1"]
[ECO "B00"]
[WhiteElo "2499"]
[BlackElo "2557"]
[Annotator "ChessBase"]
[PlyCount "116"]
[EventDate "2019.01.02"]
[EventType "swiss"]
[EventCountry "ESP"]
[SourceTitle "playchess.com"]
[Source "ChessBase"]
[SourceQuality "1"]
[TimeControl "5400+30"]

1. e4 Nc6 2. d4 d6 3. d5 Nb8 4. Nc3 Nf6 5. f4 c6 6. Be2 g6 7. Nf3 Bg4 8. h3 Bxf3 9. Bxf3 Bg7 10. e5 dxe5 11. fxe5 Nxd5 12. Nxd5 cxd5 13. Qxd5 Nc6 14. e6 f5 15. c3 Qxd5 16. Bxd5 O-O-O 17. Bb3 Rd6 18. O-O Na5 19. Bf4 Nxb3 20. axb3 Rxe6 21. Rxa7 Re4 22. Ra8+ Kd7 23. Rd1+ Kc6 24. Ra4 Rxa4 25. bxa4 e5 26. Bg5 Ra8 27. b3 Bf8 28. Kf2 h6 29. Bc1 e4 30. h4 b5 31. axb5+ Kxb5 32. h5 Bc5+ 33. Kg3 g5 34. b4 Bb6 35. Rd5+ Kc4 36. Rxf5 Ra1 37. Rf1 Kd3 38. Re1 e3 39. Kf3 e2 40. Rxe2 Rxc1 41. Re6 Rf1+ 42. Kg3 Bc7+ 43. Kh3 Rf4 44. g3 g4+ 45. Kg2 Rf3 46. Rxh6 Rxg3+ 47. Kf1 Bf4 48. Rh8 Be3 49. Rd8+ Ke4 50. h6 Rg1+ 51. Ke2 Rg2+ 52. Kf1 Rf2+ 53. Ke1 Rh2 54. c4 g3 55. Rg8 Kf3 56. Kd1 Rd2+ 57. Ke1 Rc2 58. Rf8+ Bf4 0-1

[Event "XXX Roquetas de Mar Open 2019"]
[Site "Roquetas de Mar"]
[Date "2019.01.04"]
[Round "5"]
[White "Gascon Del Nogal, Jose Rafael"]
[Black "Gines Esteo, Pedro Antonio"]
[Result "1-0"]
[ECO "A81"]
[WhiteElo "2486"]
[BlackElo "2318"]
[Annotator "RC"]
[PlyCount "77"]
[EventDate "2019.01.02"]
[EventType "swiss"]
[EventCountry "ESP"]
[SourceTitle "playchess.com"]
[Source "ChessBase"]
[SourceQuality "1"]
[TimeControl "5400+30"]

1. d4 f5 2. g3 Nf6 3. Bg2 g6 4. c3 Bg7 5. Qb3 a5 6. a4 Ra7 7. Na3 e6 8. Bf4 d6 9. Nh3 h6 10. Be3 d5 11. Nf4 g5 12. Ng6 Rg8 13. h4 Ng4 14. Bd2 Kf7 15. f3 Nf2 16. Ne5+ Bxe5 17. Kxf2 Bf6 18. hxg5 hxg5 19. e4 c6 20. e5 Be7 21. Rh5 Nd7 22. Rah1 Qb6 23. Qc2 Nxe5 24. g4 Bxa3 25. bxa3 Qb2 26. Qxb2 Nd3+ 27. Kg1 Nxb2 28. Bxg5 Nxa4 29. Rh7+ Rg7 30. Bf4 Nxc3 31. Be5 Rxh7 32. Rxh7+ Kg8 33. Rg7+ Kf8 34. g5 Ne2+ 35. Kh2 c5 36. g6 cxd4 37. Rh7 d3 38. g7+ Kf7 39. Rh8 1-0

[Event "XXX Roquetas de Mar Open 2019"]
[Site "Roquetas de Mar"]
[Date "2019.01.04"]
[Round "5"]
[White "Pap, Misa"]
[Black "Garcia Martin, Marta"]
[Result "0-1"]
[ECO "B22"]
[WhiteElo "2481"]
[BlackElo "2296"]
[Annotator "ChessBase"]
[PlyCount "130"]
[EventDate "2019.01.02"]
[EventType "swiss"]
[EventCountry "ESP"]
[SourceTitle "playchess.com"]
[Source "ChessBase"]
[SourceQuality "1"]
[TimeControl "5400+30"]

1. e4 c5 2. c3 Nf6 3. e5 Nd5 4. Nf3 e6 5. d4 cxd4 6. cxd4 d6 7. Bc4 Be7 8. O-O O-O 9. Nc3 Nxc3 10. bxc3 Qc7 11. Bd3 dxe5 12. Nxe5 Bd6 13. Qc2 h6 14. f4 b6 15. Bb2 Bb7 16. Qe2 Nd7 17. c4 Rfe8 18. Rae1 Nf8 19. Qg4 f6 20. Ng6 f5 21. Qg3 Nxg6 22. Qxg6 Qf7 23. Qg3 Be7 24. d5 Bc8 25. d6 Bf8 26. Be5 Rd8 27. Qh4 Bb7 28. Be2 Bxd6 29. Bh5 Qe7 30. Qg3 Bxe5 31. Rxe5 Rd2 32. Bf3 Rd3 33. Rfe1 Bxf3 34. gxf3 Re8 35. R1e2 Qd7 36. Kg2 Kh7 37. c5 bxc5 38. Rxc5 Rf8 39. h4 Rd2 40. Qf2 Rxe2 41. Qxe2 Rf6 42. Qf2 Rg6+ 43. Kh2 Qa4 44. Qd2 Qa3 45. Rc3 Qe7 46. Qe1 Qb4 47. Qc1 e5 48. h5 Ra6 49. a3 Qe7 50. Qe1 e4 51. fxe4 fxe4 52. Re3 Qf7 53. Qe2 Qxf4+ 54. Kg2 Ra5 55. Rg3 Rg5 56. Rxg5 hxg5 57. Qa6 Qf3+ 58. Kg1 Qxh5 59. Qxa7 Qg4+ 60. Kf1 Qd1+ 61. Kg2 Qf3+ 62. Kh2 e3 63. Qe7 e2 64. a4 Qf2+ 65. Kh3 e1=Q 0-1

[Event "XXX Roquetas de Mar Open 2019"]
[Site "Roquetas de Mar"]
[Date "2019.01.04"]
[Round "5"]
[White "Espinosa Aranda, Angel"]
[Black "Nasuta, Grzegorz"]
[Result "1-0"]
[ECO "C47"]
[WhiteElo "2478"]
[BlackElo "2534"]
[Annotator "ChessBase"]
[PlyCount "57"]
[EventDate "2019.01.02"]
[EventType "swiss"]
[EventCountry "ESP"]
[SourceTitle "playchess.com"]
[Source "ChessBase"]
[SourceQuality "1"]
[TimeControl "5400+30"]

1. e4 e5 2. Nf3 Nc6 3. Nc3 Nf6 4. Be2 d6 5. d4 exd4 6. Nxd4 g6 7. Bg5 Bg7 8. Nxc6 bxc6 9. e5 dxe5 10. Qxd8+ Kxd8 11. O-O-O+ Ke7 12. Bf3 Bb7 13. Rhe1 Rhe8 14. Ne4 h6 15. Bxf6+ Bxf6 16. Nc5 Bc8 17. Bxc6 Rb8 18. Bxe8 Kxe8 19. Nd3 Rb5 20. Nxe5 Bxe5 21. f4 f6 22. fxe5 fxe5 23. Rd3 Ke7 24. Rc3 Bb7 25. a4 Rb4 26. Rxe5+ Kd6 27. Rb5 Rxb5 28. axb5 Bxg2 29. Ra3 1-0

[Event "XXX Roquetas de Mar Open 2019"]
[Site "Roquetas de Mar"]
[Date "2019.01.04"]
[Round "5"]
[White "Bjerre, Jonas Buhl"]
[Black "Sreeshwan Maralakshikari"]
[Result "0-1"]
[ECO "B12"]
[WhiteElo "2422"]
[BlackElo "2278"]
[Annotator "NA"]
[PlyCount "108"]
[EventDate "2019.01.02"]
[EventType "swiss"]
[EventCountry "ESP"]
[SourceTitle "playchess.com"]
[Source "ChessBase"]
[SourceQuality "1"]
[TimeControl "5400+30"]

1. e4 c6 2. d4 d5 3. e5 Bf5 4. Nd2 e6 5. Nb3 c5 6. dxc5 Bxc5 7. Nxc5 Qa5+ 8. c3 Qxc5 9. Be3 Qc7 10. f4 Ne7 11. Be2 Nbc6 12. Nf3 h6 13. O-O O-O 14. Rc1 Rfd8 15. b4 a6 16. a4 d4 17. cxd4 Nd5 18. Bd2 Qb6 19. a5 Qa7 20. Rc4 Be4 21. Qa1 Nde7 22. Be3 Nd5 23. Bd2 Nde7 24. Kh1 Nf5 25. Rd1 Bxf3 26. Bxf3 Ncxd4 27. Qc3 Nxf3 28. Qxf3 Rd7 29. Bc1 Nh4 30. Qe2 Rxd1+ 31. Qxd1 b5 32. axb6 Qxb6 33. Qd4 Qb7 34. Rc2 Kh7 35. Be3 Nf5 36. Qd2 Nxe3 37. Qxe3 Qxb4 38. h3 a5 39. Rc7 Kg8 40. Qf3 Rb8 41. Kh2 a4 42. Ra7 Qd4 43. Ra6 Rb4 44. Ra8+ Kh7 45. Rf8 Qxf4+ 46. Qxf4 Rxf4 47. Kg3 g5 48. Ra8 Kg6 49. Ra7 h5 50. Rb7 h4+ 51. Kh2 Rf1 52. Ra7 Ra1 53. Ra6 a3 54. Ra7 a2 0-1

[Event "XXX Roquetas de Mar Open 2019"]
[Site "Roquetas de Mar"]
[Date "2019.01.04"]
[Round "5"]
[White "Arjun Kalyan"]
[Black "Kantor, Gergely"]
[Result "1-0"]
[ECO "C92"]
[WhiteElo "2395"]
[BlackElo "2514"]
[Annotator "ChessBase"]
[PlyCount "83"]
[EventDate "2019.01.02"]
[EventType "swiss"]
[EventCountry "ESP"]
[SourceTitle "playchess.com"]
[Source "ChessBase"]
[SourceQuality "1"]
[TimeControl "5400+30"]

1. e4 e5 2. Nf3 Nc6 3. Bb5 a6 4. Ba4 Nf6 5. O-O Be7 6. Re1 b5 7. Bb3 d6 8. c3 O-O 9. h3 Re8 10. d4 Bb7 11. Nbd2 Bf8 12. d5 Nb8 13. Nf1 Nbd7 14. N3h2 c6 15. dxc6 Bxc6 16. Bg5 Qc7 17. Bxf6 Nxf6 18. Qf3 Qb7 19. Ng3 a5 20. Ng4 Nxg4 21. hxg4 a4 22. Bd5 Bxd5 23. exd5 b4 24. c4 Rec8 25. b3 Qa6 26. Rac1 Be7 27. Ne4 h6 28. g3 Qb6 29. Kg2 axb3 30. axb3 Qd8 31. Rh1 Bg5 32. Rcd1 g6 33. Rh3 Kg7 34. Rdh1 Rc7 35. c5 dxc5 36. d6 Rca7 37. d7 Ra1 38. Nxg5 Qxg5 39. Rxa1 Rxa1 40. Qd5 Ra2 41. d8=Q Qe3 42. Qf3 1-0

[Event "XXX Roquetas de Mar Open 2019"]
[Site "Roquetas de Mar"]
[Date "2019.01.04"]
[Round "5"]
[White "Luch, Michal"]
[Black "Montilla Carrillo, Esteban"]
[Result "1-0"]
[ECO "E10"]
[WhiteElo "2362"]
[BlackElo "2177"]
[Annotator "NA"]
[PlyCount "98"]
[EventDate "2019.01.02"]
[EventType "swiss"]
[EventCountry "ESP"]
[SourceTitle "playchess.com"]
[Source "ChessBase"]
[SourceQuality "1"]
[TimeControl "5400+30"]

1. d4 Nf6 2. c4 e6 3. Nf3 c5 4. d5 b5 5. dxe6 fxe6 6. cxb5 d5 7. Nbd2 Be7 8. b3 O-O 9. e3 a6 10. Bb2 axb5 11. Bxb5 Qb6 12. Qe2 Nc6 13. O-O Ba6 14. Bxa6 Qxa6 15. Qxa6 Rxa6 16. a4 Rb8 17. Ba3 h6 18. Rfc1 Nd7 19. Ne1 Nb4 20. Bxb4 Rxb4 21. Nd3 Rb7 22. f4 Kf7 23. Kf2 Raa7 24. Ra2 g6 25. Ke2 Ra5 26. Rac2 Bf8 27. Kf3 Bd6 28. g4 Raa7 29. h4 Ra8 30. Rh1 h5 31. g5 Raa7 32. Rhc1 Bf8 33. Rc3 Bg7 34. R3c2 Bf8 35. Ke2 Bd6 36. Rc3 Bf8 37. Nf3 Bg7 38. Nfe5+ Bxe5 39. fxe5 Ke7 40. Nxc5 Nxc5 41. Rxc5 Rxb3 42. Rc7+ Rxc7 43. Rxc7+ Kf8 44. a5 Ra3 45. Ra7 Ra4 46. a6 Rxh4 47. Ra8+ Kg7 48. a7 Ra4 49. Re8 Kf7 1-0

[Event "XXX Roquetas de Mar Open 2019"]
[Site "Roquetas de Mar"]
[Date "2019.01.04"]
[Round "5"]
[White "Oglaza, Oskar"]
[Black "Tazbir, Marcin"]
[Result "0-1"]
[ECO "A13"]
[WhiteElo "2320"]
[BlackElo "2529"]
[Annotator "ChessBase"]
[PlyCount "52"]
[EventDate "2019.01.02"]
[EventType "swiss"]
[EventCountry "ESP"]
[SourceTitle "playchess.com"]
[Source "ChessBase"]
[SourceQuality "1"]
[TimeControl "5400+30"]

1. c4 e6 2. g3 d5 3. d4 c6 4. Bg2 f5 5. Nf3 Nf6 6. O-O Be7 7. Qc2 O-O 8. Nc3 Ne4 9. e3 Nd7 10. Nd2 Nxd2 11. Bxd2 Nf6 12. Rad1 Bd7 13. Ne2 Ne4 14. f3 Nxd2 15. Rxd2 Qa5 16. b3 Rac8 17. e4 fxe4 18. fxe4 Rxf1+ 19. Kxf1 Rf8+ 20. Kg1 dxc4 21. bxc4 e5 22. Kh1 Bg5 23. Rd1 c5 24. dxe5 Ba4 25. Qb1 Bxd1 26. Qxd1 Qd2 0-1

[Event "XXX Roquetas de Mar Open 2019"]
[Site "Roquetas de Mar"]
[Date "2019.01.04"]
[Round "5"]
[White "Dardha, Arben"]
[Black "Larino Nieto, David"]
[Result "0-1"]
[ECO "B12"]
[WhiteElo "2284"]
[BlackElo "2432"]
[Annotator "NA"]
[PlyCount "118"]
[EventDate "2019.01.02"]
[EventType "swiss"]
[EventCountry "ESP"]
[SourceTitle "playchess.com"]
[Source "ChessBase"]
[SourceQuality "1"]
[TimeControl "5400+30"]

1. e4 c6 2. d4 g6 3. Nc3 Bg7 4. Be3 d5 5. exd5 cxd5 6. Qd2 Nc6 7. Nf3 Bg4 8. Be2 e6 9. O-O Nge7 10. Nh4 h5 11. f3 Nf5 12. Nxf5 Bxf5 13. Bb5 Rc8 14. Ne2 a6 15. Bxc6+ Rxc6 16. c3 h4 17. Nc1 f6 18. Nd3 g5 19. Rae1 Bf8 20. Re2 Bd6 21. h3 Bb8 22. Rc1 a5 23. Kf1 Kf7 24. Nf2 Bd6 25. Ng4 Qc7 26. Rce1 Rh5 27. Kg1 b5 28. Qd1 b4 29. Bd2 Rh8 30. Qb3 Bg3 31. Nf2 bxc3 32. Bxc3 Rb8 33. Qa4 Rc4 34. Qd1 a4 35. a3 Rb3 36. Rf1 Rcxc3 37. bxc3 Qxc3 38. Qc1 Rxa3 39. Qxc3 Rxc3 40. Ra2 Rc4 41. Rfa1 Bc2 42. Rb2 Bf4 43. Rb7+ Kg6 44. Re1 Bf5 45. Ne4 dxe4 46. fxe4 Bxh3 47. gxh3 Rxd4 48. Ra7 Bd6 49. Ra6 a3 50. Re2 Rd3 51. Rc2 Be5 52. Rxe6 Rg3+ 53. Kf1 Rxh3 54. Kg1 Rb3 55. Ra6 g4 56. Ra2 Rb1+ 57. Kg2 h3+ 58. Kf2 Rb2+ 59. Rxb2 axb2 0-1

[Event "XXX Roquetas de Mar Open 2019"]
[Site "Roquetas de Mar"]
[Date "2019.01.04"]
[Round "5"]
[White "Radnai, Adam"]
[Black "Tejedor Fuente, Enrique"]
[Result "0-1"]
[ECO "A40"]
[WhiteElo "2275"]
[BlackElo "2428"]
[Annotator "NA"]
[PlyCount "126"]
[EventDate "2019.01.02"]
[EventType "swiss"]
[EventCountry "ESP"]
[SourceTitle "playchess.com"]
[Source "ChessBase"]
[SourceQuality "1"]
[TimeControl "5400+30"]

1. d4 e6 2. Bf4 b6 3. e4 Bb7 4. Bd3 Nf6 5. Qe2 d5 6. e5 Nfd7 7. Nf3 c5 8. c3 Nc6 9. a3 Be7 10. h4 Qc7 11. b4 f5 12. Nbd2 c4 13. Bc2 O-O-O 14. Ng5 Nf8 15. Nxe6 Nxe6 16. Bxf5 Qd7 17. b5 Na5 18. Qg4 h5 19. Qg6 Nxf4 20. Bxd7+ Kxd7 21. Qf5+ Ne6 22. Qh3 Bc8 23. f4 Kc7 24. Qg3 Rdf8 25. O-O Rf5 26. Qh2 Rh6 27. Rf3 Rg6 28. Nf1 Nb3 29. Ne3 Nexd4 30. cxd4 Nxa1 31. Nxd5+ Kd8 32. Rc3 Nb3 33. Rxc4 Be6 34. Nxe7 Kxe7 35. Rc7+ Kf8 36. Qh3 Rxf4 37. Rc8+ Kf7 38. Qc3 Bxc8 39. e6+ Bxe6 40. Qc7+ Kg8 41. Qxf4 Bd5 42. g3 Rg4 43. Qe5 Bf7 44. Qb8+ Kh7 45. Qxa7 Rxg3+ 46. Kh2 Rf3 47. Qxb6 Bd5 48. Qd6 Rf5 49. Qg3 Nd2 50. Qd3 Ne4 51. b6 Rf2+ 52. Kg1 Rb2 53. Qf3 Nf6 54. Qf5+ Kh6 55. Qg5+ Kh7 56. Qf5+ Kg8 57. Qc8+ Kf7 58. a4 Ng4 59. Qd7+ Kg6 60. Qe8+ Kf5 61. Kf1 Nh2+ 62. Ke1 Nf3+ 63. Kd1 Bb3+ 0-1

[Event "XXX Roquetas de Mar Open 2019"]
[Site "Roquetas de Mar"]
[Date "2019.01.04"]
[Round "5"]
[White "Bobadilla Viera, Jorge Samuel"]
[Black "Barski, Radoslaw"]
[Result "0-1"]
[ECO "B33"]
[WhiteElo "2274"]
[BlackElo "2458"]
[Annotator "ChessBase"]
[PlyCount "78"]
[EventDate "2019.01.02"]
[EventType "swiss"]
[EventCountry "ESP"]
[SourceTitle "playchess.com"]
[Source "ChessBase"]
[SourceQuality "1"]
[TimeControl "5400+30"]

1. e4 c5 2. Nf3 Nc6 3. d4 cxd4 4. Nxd4 Nf6 5. Nc3 e5 6. Ndb5 d6 7. Bg5 a6 8. Na3 b5 9. Nd5 Be7 10. Bxf6 Bxf6 11. c3 Ne7 12. Nc2 Nxd5 13. exd5 O-O 14. a4 bxa4 15. Rxa4 a5 16. Bb5 Qb6 17. Qe2 Bb7 18. c4 Bg5 19. O-O f5 20. b4 axb4 21. Rxa8 Bxa8 22. Nxb4 e4 23. g3 Bb7 24. Nc6 Bc8 25. Kg2 Qc5 26. Na5 f4 27. Qxe4 f3+ 28. Kg1 Bf5 29. Qxf3 Bh3 30. Qe2 Bxf1 31. Kxf1 Qa3 32. Nc6 Be3 33. Ne7+ Kh8 34. f4 g5 35. Kg2 gxf4 36. Qf3 Qb2+ 37. Kh3 Qf6 38. Nc6 Qh6+ 39. Kg2 fxg3 0-1

[Event "XXX Roquetas de Mar Open 2019"]
[Site "Roquetas de Mar"]
[Date "2019.01.04"]
[Round "5"]
[White "Garcia Moreno, Carlos"]
[Black "Suarez Uriel, Adrian"]
[Result "1/2-1/2"]
[ECO "C41"]
[WhiteElo "2269"]
[BlackElo "2391"]
[Annotator "NA"]
[PlyCount "135"]
[EventDate "2019.01.02"]
[EventType "swiss"]
[EventCountry "ESP"]
[SourceTitle "playchess.com"]
[Source "ChessBase"]
[SourceQuality "1"]
[TimeControl "5400+30"]

1. e4 d6 2. d4 Nf6 3. Nc3 e5 4. Nf3 Nbd7 5. Bc4 Be7 6. O-O exd4 7. Nxd4 Nb6 8. Be2 O-O 9. a4 a5 10. Bf3 c6 11. Re1 Re8 12. h3 Bf8 13. b3 Nbd7 14. g3 Nc5 15. Bg2 h6 16. Ba3 Qb6 17. Qd2 Bd7 18. Rad1 Rad8 19. Qc1 Bc8 20. Re3 Re7 21. Bb2 Rde8 22. Rde1 g6 23. Qd1 Bg7 24. Ba1 h5 25. R3e2 Qc7 26. Qd2 Qb6 27. Qf4 Nfd7 28. Qd2 Kh7 29. Nf3 Ne5 30. Ng5+ Kg8 31. Qxd6 Qa7 32. Qd1 Bh6 33. Nf3 Nxf3+ 34. Bxf3 Bxh3 35. Qd4 Kh7 36. e5 Rd7 37. Qh4 Bf5 38. Kg2 Qb6 39. g4 Qb4 40. Ne4 Bxe4 41. Bxe4 Ne6 42. gxh5 Nf4+ 43. Kh2 Nxe2 44. hxg6+ fxg6 45. Rxe2 Rg8 46. e6 Qd6+ 47. f4 Qxf4+ 48. Qxf4 Bxf4+ 49. Kg2 Rd2 50. Rxd2 Bxd2 51. Bd3 Bb4 52. Kf3 Kh6 53. Kg4 Be7 54. Bc3 b6 55. Bd4 c5 56. Be3+ Kg7 57. Bf4 Kf6 58. Bg5+ Ke5 59. Bxe7 Re8 60. Bh4 Rxe6 61. Bf2 Rf6 62. Be3 Kd5 63. Kg5 Rf3 64. Bf4 Kd4 65. Bc7 Rxd3 66. cxd3 Kxd3 67. Bxb6 Kc3 68. Bxc5 1/2-1/2

[Event "XXX Roquetas de Mar Open 2019"]
[Site "Roquetas de Mar"]
[Date "2019.01.04"]
[Round "5"]
[White "Sanchez Jerez, Emilio Miguel"]
[Black "Sadzikowski, Daniel"]
[Result "1/2-1/2"]
[ECO "A00"]
[WhiteElo "2183"]
[BlackElo "2534"]
[Annotator "ChessBase"]
[PlyCount "121"]
[EventDate "2019.01.02"]
[EventType "swiss"]
[EventCountry "ESP"]
[SourceTitle "playchess.com"]
[Source "ChessBase"]
[SourceQuality "1"]
[TimeControl "5400+30"]

1. Nc3 d5 2. e4 d4 3. Nb1 c5 4. Bc4 Nc6 5. d3 e6 6. f4 b5 7. Bb3 Na5 8. Nf3 Ne7 9. O-O Nec6 10. Nbd2 Be7 11. a4 Nxb3 12. Nxb3 Ba6 13. Ne5 Qc7 14. Nxc6 Qxc6 15. Na5 Qd7 16. axb5 Bxb5 17. b3 f5 18. exf5 exf5 19. Qf3 O-O 20. Bd2 Rae8 21. Qb7 Qxb7 22. Nxb7 Rf7 23. Rfe1 Bf8 24. Rxe8 Bxe8 25. Re1 Re7 26. Rxe7 Bxe7 27. Kf2 Kf7 28. g3 Ke6 29. Na5 Kd5 30. Nc4 Bb5 31. Ne5 Bf6 32. Nf3 Bd8 33. h3 a5 34. g4 fxg4 35. hxg4 g6 36. g5 a4 37. bxa4 Bxa4 38. c4+ Ke6 39. Ne5 Kf5 40. Nf7 Bc7 41. Nh6+ Ke6 42. Ke2 Bd6 43. Bc1 Bc2 44. Bd2 Bf8 45. Ba5 Bd6 46. Bd2 Ba4 47. Bc1 Bc6 48. Bd2 Bg2 49. Bc1 Bh3 50. Bd2 Bc7 51. Kf2 Bd6 52. Ke2 Bc7 53. Kf2 Ke7 54. Ng8+ Kf7 55. Nh6+ Kf8 56. Ke2 Be6 57. Kf2 Ke7 58. Ke2 Kd7 59. Kf2 Ke7 60. Ke2 Kd7 61. Kf2 1/2-1/2